IL
RICHMOND BRAVES @ ROCHESTER RED WINGS
09/15/1972
 
TOP OF THE 1ST
Richmond Braves batting - Pitching for Rochester Red Wings : RHP John Montague
Pitching: RHP John Montague
Batting: SHB Rodney Scott 0-0: Swinging Strike
0-1: Ball
1-1: Foul Ball, location: 2F
1-2: Foul Ball, location: 2F
1-2: Foul Ball, location: 2F
1-2: Ball
2-2: Ground out 4-3 (Groundball, 4M)
Batting: RHB Dave Cripe 0-0: Fly out, F7 (Flyball, 7LM)
Batting: LHB Jack Pierce 0-0: Foul Ball, location: 2F
0-1: Ball
1-1: Foul Ball, location: 2F
1-2: SOLO HOME RUN (Flyball, 9LD), Distance : 328 ft
Batting: RHB Michael Walseth 0-0: Swinging Strike
0-1: Ball
1-1: Ball
2-1: Ball
3-1: Fly out, F8 (Line Drive, 8LM)
Top of the 1st over - 1 run, 1 hit, 0 errors, 0 left on base; Richmond 1 - Rochester 0
BOTTOM OF THE 1ST
Rochester Red Wings batting - Pitching for Richmond Braves : LHP Randy Jones
Pitching: LHP Randy Jones
Batting: LHB Mike Reinbach 0-0: Ball
1-0: Ground out 4-3 (Groundball, 4)
Batting: LHB Lew Beasley 0-0: Ball
1-0: Called Strike
1-1: Foul Ball, location: 2F
1-2: Ball
2-2: Foul Ball, location: 2F
2-2: Strikes out looking
Batting: RHB Rick Bladt 0-0: Fly out, F9 (Flyball, 9S)
Bottom of the 1st over - 0 runs, 0 hits, 0 errors, 0 left on base; Richmond 1 - Rochester 0
TOP OF THE 2ND
Richmond Braves batting - Pitching for Rochester Red Wings : RHP John Montague
Batting: LHB Edgardo Avila 0-0: Ball
1-0: Ball
2-0: Foul Ball, location: 2F
2-1: Ball
3-1: Fly out, F8 (Flyball, 8RM)
Batting: LHB Ernie Pedersen 0-0: Ball
1-0: Called Strike
1-1: Foul Ball, location: 2F
1-2: Strikes out swinging
Batting: LHB John Fuller 0-0: SINGLE (Groundball, 4D)
Batting: RHB William Binder 0-0: Ball
1-0: Fly out, F1 (Line Drive, 15S)
Top of the 2nd over - 0 runs, 1 hit, 0 errors, 1 left on base; Richmond 1 - Rochester 0
BOTTOM OF THE 2ND
Rochester Red Wings batting - Pitching for Richmond Braves : LHP Randy Jones
Batting: RHB William O'Connor 0-0: Foul Ball, location: 2F
0-1: Ball
1-1: Swinging Strike
1-2: Foul Ball, location: 2F
1-2: Ball
2-2: Ball
3-2: SINGLE (Flyball, 9LS)
Batting: RHB Jim Fuller 0-0: Called Strike
0-1: SINGLE (Line Drive, 78M)
William O'Connor to second
Batting: LHB Rich Coggins 0-0: Ball
1-0: Foul Ball, location: 2F
1-1: Ball
2-1: Swinging Strike
2-2: Ball
3-2: Reached on error, E3 (Groundball, 34S)
William O'Connor to third
Jim Fuller to second
Batting: SHB Mike Hart 0-0: Ball
1-0: Foul Ball, location: 2F
1-1: Ball
2-1: Called Strike
2-2: Ball
3-2: Fly out, F7 (Line Drive, 78D)
Runner from 3rd tags up, OUT at HOME
Jim Fuller to third
Rich Coggins to second
Batting: LHB Johnny Oates 0-0: Called Strike
0-1: Foul Ball, location: 2F
0-2: Ground out 3-1 (Groundball, 34)
Bottom of the 2nd over - 0 runs, 2 hits, 1 error, 2 left on base; Richmond 1 - Rochester 0
TOP OF THE 3RD
Richmond Braves batting - Pitching for Rochester Red Wings : RHP John Montague
Batting: LHB Mike Lum 0-0: Called Strike
0-1: Foul Ball, location: 2F
0-2: Ball
1-2: Ball
2-2: Foul Ball, location: 2F
2-2: Strikes out swinging
Batting: SHB Rodney Scott 0-0: SINGLE (Line Drive, 78S)
Batting: RHB Dave Cripe 0-0: Ball
1-0: Called Strike
Rodney Scott steals 2nd base
1-1: SINGLE (Line Drive, 6MD)
Rodney Scott to third
Runner from 3rd tries for Home, throw and OUT!
Batting: LHB Jack Pierce 0-0: Ball
1-0: Fly out, F8 (Flyball, 8LM)
Top of the 3rd over - 0 runs, 2 hits, 0 errors, 1 left on base; Richmond 1 - Rochester 0
BOTTOM OF THE 3RD
Rochester Red Wings batting - Pitching for Richmond Braves : LHP Randy Jones
Batting: SHB Daniel Graham 0-0: Called Strike
0-1: Ball
1-1: Ball
2-1: Swinging Strike
2-2: Foul Ball, location: 2F
2-2: Foul Ball, location: 2F
2-2: Ground out 4-3 (Groundball, 4)
Batting: LHB Mike Reinbach 0-0: Foul Ball, location: 2F
0-1: Ball
1-1: Called Strike
1-2: Fly out, F9 (Flyball, 9D)
Batting: LHB Lew Beasley 0-0: Ground out 3-1 (Groundball, 34)
Bottom of the 3rd over - 0 runs, 0 hits, 0 errors, 0 left on base; Richmond 1 - Rochester 0
TOP OF THE 4TH
Richmond Braves batting - Pitching for Rochester Red Wings : RHP John Montague
Batting: RHB Michael Walseth 0-0: Called Strike
0-1: Fly out, F8 (Flyball, 89M)
Batting: LHB Edgardo Avila 0-0: Swinging Strike
0-1: Ground out 1-3 (Groundball, 13)
Batting: LHB Ernie Pedersen 0-0: Foul Ball, location: 2F
0-1: Foul Ball, location: 2F
0-2: Ball
1-2: Ball
2-2: Ball
3-2: Ground out U3 (Groundball, 3)
Top of the 4th over - 0 runs, 0 hits, 0 errors, 0 left on base; Richmond 1 - Rochester 0
BOTTOM OF THE 4TH
Rochester Red Wings batting - Pitching for Richmond Braves : LHP Randy Jones
Batting: RHB Rick Bladt 0-0: Called Strike
0-1: Ground out U3 (Groundball, 34S)
Batting: RHB William O'Connor 0-0: Called Strike
0-1: Fly out, F9 (Line Drive, 9D)
Batting: RHB Jim Fuller 0-0: Ball
1-0: Fly out, F1 (Line Drive, 13)
Bottom of the 4th over - 0 runs, 0 hits, 0 errors, 0 left on base; Richmond 1 - Rochester 0
TOP OF THE 5TH
Richmond Braves batting - Pitching for Rochester Red Wings : RHP John Montague
Batting: LHB John Fuller 0-0: Called Strike
0-1: Called Strike
0-2: Ball
1-2: Foul Ball, location: 2F
1-2: SINGLE (Line Drive, 4D)
Batting: RHB William Binder 0-0: Bunted foul
0-1: Bunted foul
0-2: Ball
1-2: Ball
2-2: SINGLE (Groundball, 5D)
John Fuller to second
Batting: LHB Mike Lum 0-0: Ball
1-0: Called Strike
1-1: 3-RUN HOME RUN (Flyball, 9D), Distance : 362 ft
Batting: SHB Rodney Scott 0-0: Swinging Strike
0-1: Swinging Strike
0-2: Strikes out swinging
Batting: RHB Dave Cripe 0-0: Ball
1-0: Called Strike
1-1: Ball
2-1: Swinging Strike
2-2: Ball
3-2: Strikes out swinging
Batting: LHB Jack Pierce 0-0: Foul Ball, location: 2F
0-1: Called Strike
0-2: Ball
1-2: Strikes out swinging, 2-3 out at first.
Top of the 5th over - 3 runs, 3 hits, 0 errors, 0 left on base; Richmond 4 - Rochester 0
BOTTOM OF THE 5TH
Rochester Red Wings batting - Pitching for Richmond Braves : LHP Randy Jones
Batting: LHB Rich Coggins 0-0: Called Strike
0-1: Ball
1-1: Ground out 4-3 (Groundball, 4D)
Batting: SHB Mike Hart 0-0: Foul Ball, location: 2F
0-1: Ball
1-1: Fly out, F9 (Flyball, 89S)
Batting: LHB Johnny Oates 0-0: Ball
1-0: Ball
2-0: Called Strike
2-1: Ball
3-1: Fly out, F6 (Popup, 6MD)
Bottom of the 5th over - 0 runs, 0 hits, 0 errors, 0 left on base; Richmond 4 - Rochester 0
TOP OF THE 6TH
Richmond Braves batting - Pitching for Rochester Red Wings : RHP John Montague
Batting: RHB Michael Walseth 0-0: Called Strike
0-1: Foul Ball, location: 2F
0-2: Ground out 5-3 (Groundball, 25)
Batting: LHB Edgardo Avila 0-0: Called Strike
0-1: Fly out, F3 (Flyball, 34D)
Batting: LHB Ernie Pedersen 0-0: Called Strike
0-1: Ball
1-1: Foul Ball, location: 2F
1-2: Foul Ball, location: 2F
1-2: Strikes out swinging, 2-3 out at first.
Top of the 6th over - 0 runs, 0 hits, 0 errors, 0 left on base; Richmond 4 - Rochester 0
BOTTOM OF THE 6TH
Rochester Red Wings batting - Pitching for Richmond Braves : LHP Randy Jones
Batting: SHB Daniel Graham 0-0: Ball
1-0: Swinging Strike
1-1: Ball
2-1: Called Strike
2-2: Strikes out swinging
Batting: LHB Mike Reinbach 0-0: Fly out, F9 (Flyball, 9S)
Batting: LHB Lew Beasley 0-0: Ball
1-0: Foul Ball, location: 2F
1-1: Swinging Strike
1-2: Foul Ball, location: 2F
1-2: Ball
2-2: Fly out, F7 (Flyball, 7LS)
Bottom of the 6th over - 0 runs, 0 hits, 0 errors, 0 left on base; Richmond 4 - Rochester 0
TOP OF THE 7TH
Richmond Braves batting - Pitching for Rochester Red Wings : RHP John Montague
Batting: LHB John Fuller 0-0: Foul Ball, location: 2F
0-1: Foul Ball, location: 2F
0-2: Strikes out looking
Batting: RHB William Binder 0-0: Ball
1-0: Swinging Strike
1-1: Called Strike
1-2: SINGLE (Line Drive, 9S)
Batting: LHB Mike Lum 0-0: Called Strike
0-1: Called Strike
0-2: Ball
1-2: Strikes out swinging
Batting: SHB Rodney Scott 0-0: Foul Ball, location: 2F
0-1: Ball
1-1: Ball
2-1: Foul Ball, location: 2F
2-2: Ground out 4-3 (Groundball, 34)
Top of the 7th over - 0 runs, 1 hit, 0 errors, 1 left on base; Richmond 4 - Rochester 0
BOTTOM OF THE 7TH
Rochester Red Wings batting - Pitching for Richmond Braves : LHP Randy Jones
Batting: RHB Rick Bladt 0-0: Called Strike
0-1: Swinging Strike
0-2: Ball
1-2: Strikes out swinging
Batting: RHB William O'Connor 0-0: Called Strike
0-1: Ground out 6-3 (Groundball, 6)
Batting: RHB Jim Fuller 0-0: Ball
1-0: Ground out 3-1 (Groundball, 34S)
Bottom of the 7th over - 0 runs, 0 hits, 0 errors, 0 left on base; Richmond 4 - Rochester 0
TOP OF THE 8TH
Richmond Braves batting - Pitching for Rochester Red Wings : RHP John Montague
Batting: RHB Dave Cripe 0-0: SINGLE (Groundball, 25) (infield hit)
Batting: LHB Jack Pierce 0-0: Ball
1-0: Ball
2-0: Called Strike
2-1: Swinging Strike
2-2: Foul Ball, location: 2F
2-2: Strikes out looking
Batting: RHB Michael Walseth 0-0: Ground out 6-3 (Groundball, 6)
Dave Cripe to second
Batting: LHB Edgardo Avila 0-0: Swinging Strike
0-1: Called Strike
0-2: Strikes out swinging
Top of the 8th over - 0 runs, 1 hit, 0 errors, 1 left on base; Richmond 4 - Rochester 0
BOTTOM OF THE 8TH
Rochester Red Wings batting - Pitching for Richmond Braves : LHP Randy Jones
Batting: LHB Rich Coggins 0-0: Called Strike
0-1: Fly out, F9 (Flyball, 9S)
Batting: SHB Mike Hart 0-0: Foul Ball, location: 2F
0-1: Ball
1-1: Ball
2-1: Ball
3-1: Foul Ball, location: 2F
3-2: Fly out, F6 (Line Drive, 6)
Batting: LHB Johnny Oates 0-0: Ball
1-0: Foul Ball, location: 2F
1-1: Ball
2-1: Ball
3-1: Swinging Strike
3-2: DOUBLE (Flyball, 7LD)
Batting: SHB Daniel Graham 0-0: Ball
1-0: Foul Ball, location: 2F
1-1: Foul Ball, location: 2F
1-2: Ground out 1-3 (Groundball, 13S)
Bottom of the 8th over - 0 runs, 1 hit, 0 errors, 1 left on base; Richmond 4 - Rochester 0
TOP OF THE 9TH
Richmond Braves batting - Pitching for Rochester Red Wings : RHP John Montague
Batting: LHB Ernie Pedersen 0-0: Ball
1-0: Foul Ball, location: 2F
1-1: Ground out U3 (Groundball, 34S)
Batting: LHB John Fuller 0-0: Ball
1-0: Fly out, F7 (Flyball, 78S)
Batting: RHB William Binder 0-0: Called Strike
0-1: Ball
1-1: Fly out, F9 (Line Drive, 9S)
Top of the 9th over - 0 runs, 0 hits, 0 errors, 0 left on base; Richmond 4 - Rochester 0
BOTTOM OF THE 9TH
Rochester Red Wings batting - Pitching for Richmond Braves : LHP Randy Jones
Batting: LHB Mike Reinbach 0-0: Foul Ball, location: 2F
0-1: Fly out, F7 (Flyball, 7D)
Batting: LHB Lew Beasley 0-0: Called Strike
0-1: Ball
1-1: Fly out, F6 (Flyball, 56D)
Batting: RHB Rick Bladt 0-0: SINGLE (Flyball, 89S)
Batting: RHB William O'Connor 0-0: SINGLE (Groundball, 6D)
Rick Bladt to second
Batting: RHB Jim Fuller 0-0: Called Strike
0-1: Ball
1-1: Ball
2-1: Fly out, F3 (Popup, 3S)
Bottom of the 9th over - 0 runs, 2 hits, 0 errors, 2 left on base; Richmond 4 - Rochester 0
Saturday, January 13th, 2018 - OOTP Baseball 18.8 Build 76